 Dungeon Crawl Stone Soup version 0.28.0-53-g5a82cb258f (webtiles) character file.

Game seed: 15933282690044851371

66 Kaptain the Digger (level 4, -1/37 HPs)
             Began as a Gargoyle Earth Elementalist on July 7, 2022.
             Slain by Blork the orc
             ... wielding a +0 halberd
              (4 damage)
             ... on level 5 of the Dungeon.
             The game lasted 00:03:12 (2160 turns).

Kaptain the Digger (Gargoyle Earth Elementalist)    Turns: 2160, Time: 00:03:12

Health: -1/37      AC: 22    Str: 12    XL:     4   Next: 15%
Magic:  6/7        EV:  2    Int: 17    God:
Gold:   59         SH:  0    Dex: 10    Spells: 7/8 levels left

rFire   . . .      SeeInvis .   p - +2 long sword (vorpal)
rCold   . . .      Faith    .   (no shield)
rNeg    + . .      Spirit   .   (armour currently unavailable)
rPois   ∞          Reflect  .   (helmet currently unavailable)
rElec   .          Harm     .   (cloak currently unavailable)
rCorr   .          Rampage  .   (gloves currently unavailable)
Will    .....      NoTele   +   (boots currently unavailable)
Stlth   ++........              (no amulet)
HPRegen 0.12/turn               (no ring)
MPRegen 0.10/turn               (no ring)

@: tree-form
A: stationary, stasis, torment immunity, boosted hp, sickness immunity, AC +3,
negative energy resistance 1, (electricity resistance), torment resistance 1,
petrification resistance
a: no special abilities


You were on level 5 of the Dungeon.
You were a tree.
You visited 1 branch of the dungeon, and saw 4 of its levels.

You collected 59 gold pieces.

Inventory:

Hand Weapons
 a - a +3 falchion
 p - a +2 vorpal long sword (weapon)
Missiles
 c - 20 stones
 d - 18 sling bullets
 f - 3 poisoned darts
Armour
 b - a +0 robe (melded)
Wands
 l - a wand of mindburst (14)
Scrolls
 g - a scroll of teleportation {unknown}
 h - 3 scrolls of magic mapping {unknown}
 i - a scroll of holy word {unknown}
 k - a scroll of amnesia {unknown}
 m - a scroll of acquirement {unknown}
Potions
 e - a potion of magic {unknown}
 j - a potion of lignification
 n - a potion of invisibility {unknown}
 o - a potion of curing {unknown}


   Skills:
 * Level 1.4 Fighting
 + Level 1.1 Armour
 - Level 1.5 Dodging
 + Level 2.4 Stealth
 * Level 2.5 Spellcasting
 * Level 1.6 Conjurations
 - Level 0.7 Transmutations
 * Level 4.1 Earth Magic


You had 7 spell levels left.
You knew the following spells:

 Your Spells              Type           Power      Damage    Failure   Level
a - Sandblast             Erth           32%        2d9       3%          1

Your spell library contained the following spells:

 Spells                   Type           Power      Damage    Failure   Level
 Passwall                 Tmut/Erth      8%         N/A       11%         2
 Stone Arrow              Conj/Erth      24%        3d8       17%         3
 Petrify                  Tmut/Erth      10%        N/A       56%         4


Dungeon Overview and Level Annotations

Branches:
Dungeon (3/15)

Altars:
Zin

Annotations:
D:5 Blork the orc


Innate Abilities, Weirdness & Mutations

You are a tree.
Your roots penetrate the ground, keeping you stationary.
You cannot be teleported.
You are immune to unholy pain and torment.
Your maximum health is greatly increased.
Your equipment is partially melded.
You are immune to sickness and miasma.
((Your stone body is resilient. (AC +3)))
You are immune to poison.
You resist negative energy. (rN+)
((You are resistant to electric shocks. (rElec)))
You are resistant to unholy torment.
You are immune to petrification.


Message History

The blast of sand hits the quokka.
The quokka is almost dead.
The quokka closely misses you.
You closely miss the quokka.
The quokka is almost dead.
The quokka misses you. The quokka barely misses you.
You hit the quokka.
You kill the quokka!
HP restored.
Things that are here:
a +0 short sword; an orc corpse A sourceless malevolence fills the Dungeon...
You fall into a shaft and drop 2 floors!
The shaft crumbles and collapses.
Found a ring mail.
Blork the orc comes into view.
He is wielding a +0 halberd.
Blork the orc shouts!
Blork the orc gestures wildly while chanting.
Blork the orc seems to speed up.
Casting: Sandblast (safe; 3% risk of failure)
Confirm with . or Enter, or press ? or * to list all spells.
Aiming: Sandblast (safe; 3% risk of failure)
Press: ? - help, Shift-Dir - straight line, f - you That would be overly suicidal.
Okay, then.
Casting: Sandblast (safe; 3% risk of failure)
Confirm with . or Enter, or press ? or * to list all spells.
Aiming: Sandblast (safe; 3% risk of failure)
Press: ? - help, Shift-Dir - straight line, f - Blork the orc
Aim: Blork the orc, wielding a +0 halberd and wearing a +0 robe (fast, 82% to hit)
The blast of sand hits Blork the orc.
Blork the orc is lightly wounded.
Blork the orc hits you from afar with a +0 halberd!
Blork the orc hits you with a +0 halberd!
Blork the orc hits you with a +0 halberd.
* * * LOW HITPOINT WARNING * * *
It was a potion of lignification.
You turn into a tree.
Your +0 robe melds into your body.
Your roots penetrate the ground.
Blork the orc hits you with a +0 halberd.
You die...

... ... ... #.#
#.# #+# #.# #[#
#.# #.# #o# ##.##
#♣# ##...########
#.# #...........#
#.#
##...#.####.####.#
..#.##.# #.......#
#.####.###..######
#...........#
######.####.#
#......#


You could see Blork the orc (fast).

Vanquished Creatures
  2 adders (D:2)
  An adder skeleton (D:2)
  A dart slug (D:2)
  2 orcs (D:3)
  2 ball pythons
  An endoplasm (D:2)
  2 giant cockroaches
  5 goblins
  4 hobgoblins
  3 jackals (D:1)
  2 kobolds (D:1)
  4 quokkas
  4 bats
  A frilled lizard (D:1)
  2 rats (D:1)
  4 toadstools (D:1)
40 creatures vanquished.

Notes
Turn   | Place    | Note
-------+----------+-------------------------------------------
     0 | D:1      | Kaptain the Gargoyle Earth Elementalist began the quest for
                  | the Orb.
     0 | D:1      | Reached XP level 1. HP: 10/10 MP: 3/3
   194 | D:1      | Reached XP level 2. HP: 16/16 MP: 5/5
   414 | D:1      | Reached skill level 1 in Conjurations
   561 | D:1      | Reached skill level 1 in Fighting
  1053 | D:2      | Reached XP level 3. HP: 20/20 MP: 4/6
  1060 | D:2      | Reached skill level 4 in Earth Magic
  1291 | D:2      | Reached skill level 1 in Armour
  1295 | D:2      | Found a glowing silver altar of Zin.
  1598 | D:2      | Found a faded altar of an unknown god.
  1842 | D:2      | Reached XP level 4. HP: 25/25 MP: 7/7
  2120 | D:3      | You fall into a shaft and drop 2 floors!
  2120 | D:5      | Entered Level 5 of the Dungeon
  2149 | D:5      | Noticed Blork the orc
  2160 | D:5      | Slain by Blork the orc

Illustrated notes

Levels and vault maps discovered:
D:1:      ldierk_walled_garden_2, layout_loops_ring, serial_aquarium,
          aquarium_bridge_island_small [aquarium_subvault_small_open,
          aquarium_subvault_window, aquarium_subvault_bridge,
          aquarium_subvault_bridge, aquarium_subvault_wall],
          aquarium_window_corner, aquarium_window_2, aquarium_window_fake,
          aquarium_view_2a
D:2:      layout_basic, basic_altar,
          dreamdust_ecumenical_altar_angels_and_demons, grunt_ministairs_13
D:3:      layout_loops_cross, minivault_25, kennysheep_boxes
D:5:      layout_loops_corners, kennysheep_nondescript,
          minmay_manual_monstrance, uniq_blork_the_orc, uniq_pikel

Skill      XL: |  1  2  3 |
---------------+----------+-----
Conjurations   | 1 |  1.6
Fighting       | 1 |  1.4
Earth Magic    | 4 |  4.1
Armour         | 1 |  1.1
Dodging        | |  1.5
Stealth        | |  2.4
Spellcasting   | |  2.5
Transmutations | |  0.7

Action                   |  1- 3 |  4- 6 || total
-------------------------+-------+-------++-------
Melee: Falchion          |    68 |       ||    68
       Punch             |     1 |       ||     1
       Long sword        |       |     5 ||     5
 Cast: Sandblast         |     8 |     3 ||    11
  Use: Potion            |       |     1 ||     1
 Stab: Sleeping          |     7 |     1 ||     8
Armor: Robe              |    24 |     1 ||    25
Dodge: Dodged            |    39 |     5 ||    44
